Map: Bel'Shir Vestige LE (Void)

Players

SLeet

  • Race: Zerg Zerg
  • Spawn Location: 11:00

Dolan - Winner!

  • Race: Terran Terran
  • Spawn Location: 5:00

Event: WCS Austin 2017

VOD

Have the link to the VOD?

Description

Time

  • Played on: April 28, 2017, 2:40 p.m.
  • Length: 12:33

All games in this series

Show
View Real Time Build Order
Export as new Build Order

SLeet Zerg 

Build Orders: Pool First 

Get SALT Encoding   

  12  0:00  Drone  
  13  0:12  Overlord  
  13  0:17  Drone  
  14  0:31  Drone x2  
  14  0:35  Drone  
  17  0:45  Spawning Pool  
  17  0:47  Drone  
  17  0:52  Extractor  
  17  0:56  Drone  
  17  1:18  Hatchery  
  16  1:20  Drone  
  17  1:32  Queen  
  19  1:39  Overlord  
  19  1:44  Zergling x2  
  20  1:48  Zergling x2  
  21  1:56  Zergling x2  
  21  1:59  Metabolic Boost  
  22  2:08  Drone  
  23  2:15  Drone  
  24  2:23  Drone  
  25  2:30  Queen, Overlord  
  25  2:36  Drone  
  28  2:43  Drone x3  
  28  2:44  Drone  
  32  2:50  Drone  
  32  3:00  Drone x2  
  32  3:03  Drone  
  35  3:15  Overlord  
  35  3:16  Drone, Hatchery  
  35  3:17  Drone x2  
  37  3:25  Drone x3  
  38  3:34  Overlord  
  38  3:35  Zergling x2  
  38  3:39  Zergling x6  
  42  3:44  Roach Warren  
  42  3:45  Zergling x2  
  42  3:47  Zergling x4  
  44  3:50  Overlord  
  44  3:52  Zergling x2  
  45  3:57  Drone  
  45  4:00  Extractor  
  45  4:01  Zergling x2  
  45  4:05  Queen  
  45  4:08  Zergling x2  
  48  4:13  Zergling x6  
  48  4:14  Zergling x2  
  52  4:18  Spine Crawler  
  52  4:20  Queen  
  52  4:22  Zergling x2  
  53  4:26  Roach  
  53  4:28  Roach  
  53  4:30  Roach  
  55  4:40  Drone x2  
  55  4:41  Roach  
  57  4:51  Roach x4  
  65  4:59  Drone  
  66  5:01  Ravager  
  66  5:06  Ravager  
  68  5:18  Overlord  
  68  5:20  Overlord, Hatchery  
  67  5:21  Drone  
  68  5:30  Lair  
  68  5:36  Drone x3  
  68  5:37  Drone x4  
  68  5:38  Drone  
  68  5:42  Evolution Chamber  
  75  5:48  Drone  
  76  5:51  Ravager  
  59  6:15  Roach x7  
  67  6:20  Extractor  
  67  6:23  Roach  
  67  6:24  Extractor  
  65  6:26  Roach  
  69  6:33  Roach x2  
  69  6:35  Queen  
  69  6:36  Overlord  
  73  6:41  Zergling x2  
  73  6:45  Drone  
  75  6:48  Drone x3  
  75  6:50  Overlord  
  75  6:51  Drone x3  
  75  6:53  Zerg Missile Weapons Level 1  
  79  6:59  Roach x3  
  79  7:05  Roach x2  
  83  7:09  Roach  
  83  7:10  Queen x2  
  83  7:11  Queen  
  83  7:13  Roach  
  93  7:18  Roach x2  
  95  7:26  Roach x3  
  86  7:32  Roach  
  86  7:33  Roach  
  86  7:36  Zergling x2  
  81  7:37  Zergling x4  
  81  7:40  Ravager  
  81  7:41  Zergling x6  
  87  7:51  Ravager x2  
  89  7:53  Drone  
  89  7:54  Drone x2  
  92  8:01  Roach x3  
  92  8:18  Queen  
  90  8:22  Overlord x2  
  90  8:31  Overlord  
  90  8:42  Overlord x3  
  90  8:43  Roach  
  90  8:44  Roach x6  
  90  8:46  Roach  
  106  8:51  Hatchery  
  105  9:00  Overlord x2  
  105  9:02  Drone x4  
  109  9:03  Drone  
  109  9:04  Zerg Missile Weapons Level 2  
  109  9:05  Extractor  
  109  9:06  Ravager x3  
  109  9:07  Ravager x2, Extractor  
  113  9:15  Infestation Pit  
  112  9:18  Overlord x2  
  112  9:19  Drone x3  
  115  9:24  Roach  
  115  9:25  Roach  
  115  9:27  Roach  
  121  9:31  Roach  
  121  9:32  Roach  
  121  9:35  Roach  
  110  9:54  Roach x7  
  110  9:55  Roach  
  128  10:07  Roach x4  
  128  10:08  Roach x3  
  128  10:12  Pathogen Glands  
  128  10:13  Drone  
  128  10:14  Drone  
  133  10:15  Drone  
  133  10:17  Drone  
  133  10:18  Drone  
  133  10:19  Drone  
  133  10:21  Drone  
  138  10:22  Drone  
  138  10:26  Overseer  
  139  10:29  Ravager  
  139  10:30  Ravager  
  139  10:31  Ravager  
  139  10:33  Drone x3  
  139  10:34  Infestor  
  147  10:36  Infestor  
  147  10:40  Drone x2  
  153  10:43  Roach x2  
  153  10:44  Ravager  
  156  10:56  Extractor  
  155  10:57  Roach, Extractor  
  155  10:58  Roach x5  
  155  11:03  Roach  
  155  11:04  Roach x2  
  158  11:07  Ravager x2  
  157  11:13  Roach x4  
  159  11:23  Roach x6  
  122  11:33  Roach x6  
  122  11:36  Roach x2  
  120  11:40  Roach  
  120  11:41  Roach x2  
  110  12:00  Roach  
  110  12:01  Roach x8  
  108  12:08  Ravager x4  
  106  12:09  Ravager  
  106  12:11  Ravager x2  
  106  12:13  Drone x3  
  106  12:14  Drone  
Show
View Real Time Build Order
Export as new Build Order

Dolan Terran - Winner!

Build Orders: Reaper Expand 

Get SALT Encoding   

  12  0:00  SCV  
  13  0:12  SCV  
  14  0:16  Supply Depot  
  14  0:24  SCV  
  14  0:27  Refinery  
  15  0:38  SCV  
  16  0:44  Barracks  
  16  0:50  SCV  
  17  1:02  SCV  
  18  1:14  SCV  
  19  1:31  Orbital Command  
  19  1:32  Reaper  
  20  1:43  Command Center  
  20  1:57  SCV  
  20  2:01  Factory  
  21  2:05  Barracks Reactor  
  21  2:09  SCV  
  21  2:13  Supply Depot  
  22  2:18  Refinery  
  22  2:21  SCV  
  23  2:35  SCV  
  24  2:50  SCV  
  24  2:55  Hellion x2  
  28  3:02  SCV  
  29  3:06  Factory  
  29  3:07  Barracks Reactor  
  29  3:11  Armory  
  29  3:14  SCV  
  30  3:26  SCV  
  31  3:34  Hellion x2  
  31  3:35  Orbital Command  
  31  3:38  SCV  
  36  3:50  SCV  
  37  3:55  Cyclone x2  
  37  4:01  SCV  
  37  4:02  SCV  
  45  4:08  Supply Depot  
  45  4:15  SCV x2  
  47  4:22  Hellbat x2  
  51  4:30  SCV x2  
  53  4:35  Hellion x4  
  52  4:41  Cyclone x2  
  56  4:49  Supply Depot  
  56  4:50  SCV x2  
  56  4:52  Hellion x2  
  58  4:58  Hellion x2  
  62  5:00  Terran Vehicle Weapons Level 1  
  62  5:07  Supply Depot  
  62  5:11  SCV x2  
  62  5:13  Hellion x2  
  68  5:26  Command Center  
  68  5:31  SCV x2  
  70  5:35  Refinery x2  
  70  5:43  Cyclone x2  
  70  5:49  SCV x2  
  78  6:03  Command Center, SCV x2  
  74  6:10  Hellion x7  
  67  6:15  SCV x2  
  67  6:19  Cyclone x2  
  73  6:27  SCV x2  
  75  6:39  SCV x2  
  77  6:41  Supply Depot  
  77  6:42  Engineering Bay  
  77  6:51  SCV  
  78  7:02  Cyclone x2  
  78  7:03  Hellion  
  78  7:05  Factory  
  86  7:13  Factory  
  88  7:15  Hellion  
  88  7:16  Factory  
  88  7:18  Terran Vehicle Weapons Level 2  
  85  7:24  Hellion, SCV x2  
  76  7:31  Orbital Command  
  71  7:38  Cyclone  
  71  7:39  Cyclone  
  71  7:42  SCV  
  71  7:43  SCV  
  79  7:54  Hellion x2  
  83  8:00  Factory Tech Lab x3  
  83  8:05  SCV x2  
  79  8:17  SCV x2  
  74  8:21  Siege Tank x3  
  74  8:25  Hellion x2  
  79  8:29  SCV x2  
  81  8:38  Infernal Pre-Igniter  
  81  8:41  SCV  
  81  8:44  Refinery  
  81  8:45  Refinery  
  81  8:46  Hellion x2  
  81  8:47  Orbital Command  
  86  8:49  SCV  
  86  8:54  SCV  
  86  9:03  Supply Depot  
  86  9:07  SCV x2  
  88  9:15  Supply Depot  
  88  9:16  Engineering Bay  
  88  9:19  SCV x2  
  88  9:21  Sensor Tower  
  88  9:23  Missile Turret, Siege Tank  
  93  9:25  Siege Tank  
  93  9:31  SCV x2  
  99  9:43  SCV x2  
  96  9:48  Cyclone x2  
  96  9:49  Cyclone  
  95  9:58  Siege Tank  
  95  9:59  Orbital Command  
  99  10:07  SCV x2  
  99  10:11  Siege Tank  
  103  10:24  SCV x2  
  103  10:28  Cyclone  
  108  10:40  SCV  
  108  10:41  Sensor Tower  
  109  10:45  Supply Depot, Cyclone, SCV x2  
  109  10:46  Siege Tank  
  117  10:58  Supply Depot  
  117  10:59  Supply Depot  
  117  11:07  Hellion x2, Siege Tank  
  124  11:19  Thor  
  124  11:20  Thor, Hellion  
  124  11:21  Hellion  
  125  11:37  Cyclone, Hellion  
  125  11:39  Siege Tank  
  133  11:41  Cyclone  
  136  11:48  Hellion x4  
  136  11:50  Command Center  
  127  11:56  Cyclone  
  127  11:58  Cyclone  
Tags
 
Add a new tag
Caveats
  • Supply blocks, unpowered buildings, or Contaminate may cause inaccurate times.
  • Supply counts are checked every 10 seconds.